 Dungeon Crawl Stone Soup version 0.22-a0-247-gbddf880 (webtiles) character file.

3514 mortelune the Frost Mage (level 9, -5/57 HPs)
             Began as a Demonspawn Ice Elementalist on Feb 23, 2018.
             Was a Follower of Ashenzari.
             Slain by a two-headed ogre
             ... wielding a +0 giant club
              (32 damage)
             ... on level 8 of the Dungeon.
             The game lasted 00:28:53 (10589 turns).

mortelune the Frost Mage (DsIE)                    Turns: 10589, Time: 00:28:54

Health: -5/57      AC: 18    Str:  8    XL:     9   Next: 81%
Magic:  0/19       EV: 12    Int: 20    God:    Ashenzari [*.....]
Gold:   135        SH:  0    Dex: 14    Spells: 7/21 levels left

rFire    . . .     SeeInvis .   y - +4 Vampire's Tooth {vamp}
rCold    . . .     Gourm    .   (no shield)
rNeg     . . .     Faith    .   a - +0 robe
rPois    .         Spirit   .   (no helmet)
rElec    .         Reflect  .   (no cloak)
rCorr    .         Harm     .   c - +1 pair of gloves (curse)
MR       .....                  (no boots)
Stlth    ++........             C - amulet of the acrobat
HPRegen  0.19/turn              l - ring of wizardry (curse)
MPRegen  0.16/turn              u - +4 ring of protection

@: icy armour, slow
A: claws 2, slimy green scales 2, spiny 1, rot immunity
a: Curse Item, Scrying, Renounce Religion


You were on level 8 of the Dungeon.
You worshipped Ashenzari.
Ashenzari was aware of your devotion.
You were hungry.

You visited 1 branch of the dungeon, and saw 8 of its levels.

You collected 310 gold pieces.
You spent 175 gold pieces at shops.

Inventory:

Hand Weapons
 d - a +0 whip
 p - a +2 flail of protection
 y - the +4 Vampire's Tooth (weapon) {vamp}
   (You found it on level 5 of the Dungeon)

   It inflicts no extra harm, but heals its wielder when it wounds a living foe.
Armour
 a - a +0 robe (worn)
 c - a cursed +1 pair of gloves (worn)
Jewellery
 l - a cursed ring of wizardry (left hand)
 o - an uncursed ring of flight
 u - a +4 ring of protection (right hand)
 C - an amulet of the acrobat (around neck)
 D - an uncursed ring of positive energy
 E - an uncursed ring of magical power
Wands
 r - a wand of paralysis (26)
 v - a wand of digging (9)
 w - a wand of scattershot (10)
 F - a wand of flame (19)
Scrolls
 h - a scroll of magic mapping {unknown}
 j - a scroll of enchant weapon {unknown}
 k - 4 scrolls of blinking
 n - a scroll of teleportation
 q - a scroll of random uselessness {unknown}
 s - 2 scrolls of remove curse
 A - 2 scrolls of fear
 B - a scroll of enchant armour
 H - a scroll of fog {unknown}
Potions
 e - a potion of curing
 f - 2 potions of flight
 g - 2 potions of lignification
 i - a potion of heal wounds
 m - a potion of agility
 x - 2 potions of ambrosia
 z - a potion of berserk rage
 G - a potion of resistance {unknown}
Comestibles
 b - 10 rations
 t - 4 chunks of flesh


   Skills:
 - Level 2.0 Dodging
 - Level 2.1 Stealth
 + Level 6.7 Spellcasting
 + Level 6.9 Conjurations
 * Level 9.5 Ice Magic


You had 7 spell levels left.
You knew the following spells:

 Your Spells              Type           Power        Failure   Level  Hunger
a - Freeze                Ice            ####         1%          1    None
b - Throw Frost           Conj/Ice       #####.       1%          2    None
c - Ozocubu's Armour      Chrm/Ice       ####....     1%          3    #......
d - Summon Ice Beast      Ice/Summ       ####....     6%          4    ###....
e - Throw Icicle          Conj/Ice       #####...     1%          4    ###....


Dungeon Overview and Level Annotations

Branches:
Dungeon (8/15)             Temple (0/1) D:4
   Lair: D:8-11

Altars:
Ashenzari
Elyvilon
Hepliaklqana
Nemelex Xobeh
Wu Jian
Xom
Yredelemnul
Zin
The Shining One

Shops:
D:6 !:?*=

Annotations:
D:5 Duvessa


Innate Abilities, Weirdness & Mutations

You have very sharp fingernails.
You are mostly covered in slimy green scales. (AC +3)
You are partially covered in sharp spines.
You are immune to rotting.


Message History

The two-headed ogre is moderately wounded.
Your ice beast completely misses the kobold.
The two-headed ogre is struck by your spines.
The two-headed ogre hits you with a giant club! x2
The kobold unwields an uncursed hand crossbow.
The kobold wields an uncursed whip.
The kobold completely misses something.
Your ice beast barely misses the two-headed ogre.
Something hits your ice beast.
Casting: Throw Icicle (safe; 1% risk of failure)
Confirm with . or Enter, or press ? or * to list all spells.
A film of ice covers your body!
The kobold unwields an uncursed whip.
The kobold wields an uncursed hand crossbow.
The kobold shoots a bolt.
The bolt barely misses your ice beast.
The bolt hits the two-headed ogre.
You hit the two-headed ogre but do no damage.
The two-headed ogre is heavily wounded.
The two-headed ogre hits you but does no damage.
The two-headed ogre hits you with a giant club!!
Ouch! That really hurt!
You die...

..........#####.#
###...##### #.#
#...# ##.# #.).#
#..# #...##### #.##
##......# #.#
######.# #.#########
#####.####.........#
#....((((.YO@.#
#.###.#K#####.#
#..... .# #.KY....#
.# ....#.##.# .#
........ .# .#
####.#... . .#
#.##.#. ###


You could see a two-headed ogre, a kobold and a friendly ice beast.

Vanquished Creatures
  3 wargs (D:7)
  A water moccasin (D:5)
  An orc warrior (D:8)
  An ogre (D:7)
  4 centaurs
  2 big kobolds (D:8)
  A bullfrog (D:6)
  A water moccasin zombie (D:8)
  A scorpion (D:7)
  6 killer bees (D:8)
  6 wights
  2 vampire bats (D:5)
  5 crimson imps
  A howler monkey (D:8)
  3 centaur skeletons
  5 orc priests
  A bullfrog skeleton (D:6)
  2 hounds
  2 iguanas
  Natasha (thrice) (D:4 D:5)
  2 orc wizards
  3 worker ants
  2 hound skeletons
  7 adders
  2 shadow imps
  An ooze (D:5)
  2 worms
  2 dart slugs
  3 leopard geckos
  22 orcs
  2 ball pythons
  A giant cockroach (D:2)
  9 goblins
  6 hobgoblins
  8 jackals
  10 kobolds
  2 quokkas
  15 bats
  2 frilled lizards
  A quokka skeleton (D:8)
  6 rats
159 creatures vanquished.

Vanquished Creatures (collateral kills)
  A two-headed ogre (D:8)
  A hungry ghost (D:7)
  A warg (D:7)
  A phantom (D:5)
  A wight (D:8)
  A hound (D:7)
  A shadow imp (D:6)
7 creatures vanquished.

Grand Total: 166 creatures vanquished

Notes
Turn   | Place    | Note
-------+----------+-------------------------------------------
     0 | D:1      | mortelune the Demonspawn Ice Elementalist began the quest for the Orb.
     0 | D:1      | Reached XP level 1. HP: 13/13 MP: 3/3
   515 | D:1      | Gained mutation: You are immune to rotting. [demonic ancestry]
   515 | D:1      | Reached XP level 2. HP: 19/19 MP: 3/5
   731 | D:1      | Learned a level 2 spell: Throw Frost
   977 | D:1      | Reached skill level 3 in Ice Magic
  1512 | D:2      | Gained mutation: You are partially covered in sharp spines. [demonic ancestry]
  1512 | D:2      | Reached XP level 3. HP: 24/24 MP: 4/6
  1888 | D:2      | Gained mutation: You are partially covered in slimy green scales. (AC +2) [demonic ancestry]
  1888 | D:2      | Reached XP level 4. HP: 22/30 MP: 1/7
  2820 | D:2      | Found a shattered altar of Ashenzari.
  2823 | D:2      | Became a worshipper of Ashenzari the Shackled
  3013 | D:2      | Learned a level 3 spell: Ozocubu's Armour
  3106 | D:3      | Reached skill level 4 in Ice Magic
  3106 | D:3      | Gained mutation: You have sharp fingernails. [demonic ancestry]
  3106 | D:3      | Reached XP level 5. HP: 34/35 MP: 4/9
  3112 | D:3      | Learned a level 4 spell: Summon Ice Beast
  3222 | D:3      | Found a glowing silver altar of Zin.
  4674 | D:4      | Noticed Natasha
  4679 | D:4      | Killed Natasha
  4915 | D:4      | Gained mutation: You are mostly covered in slimy green scales. (AC +3) [demonic ancestry]
  4915 | D:4      | Reached XP level 6. HP: 39/41 MP: 0/11
  5002 | D:4      | Found a staircase to the Ecumenical Temple.
  5150 | D:4      | Noticed Natasha
  5157 | D:4      | Killed Natasha
  5322 | D:5      | Entered Level 5 of the Dungeon
  5471 | D:5      | Reached skill level 5 in Ice Magic
  5596 | D:5      | Noticed Natasha
  5603 | D:5      | Killed Natasha
  5743 | D:5      | Reached XP level 7. HP: 33/46 MP: 1/12
  6002 | D:5      | Reached skill level 6 in Ice Magic
  6176 | D:5      | Learned a level 4 spell: Throw Icicle
  6316 | D:5      | Noticed Duvessa
  6591 | D:5      | Found the +4 Vampire's Tooth {vamp}
  6600 | D:5      | Gained mutation: You have very sharp fingernails. [demonic ancestry]
  6600 | D:5      | Reached XP level 8. HP: 51/52 MP: 7/14
  6773 | D:6      | Found an ornate altar of the Wu Jian Council.
  6819 | D:6      | Found Dolex's Book Emporium.
  6914 | D:6      | Found a white marble altar of Elyvilon.
  6914 | D:6      | Found a glowing golden altar of the Shining One.
  6914 | D:6      | Found a shimmering altar of Xom.
  6991 | D:6      | Reached * piety under Ashenzari
  7117 | D:6      | Reached skill level 7 in Ice Magic
  7443 | D:6      | Found Tuotzasi's Assorted Antiques.
  7451 | D:6      | Bought a scroll of remove curse for 75 gold pieces
  7451 | D:6      | Bought a tapered ivory wand for 100 gold pieces
  7604 | D:6      | Found Guipose's Jewellery Emporium.
  7701 | D:6      | Found Tozussot's Distillery.
  7742 | D:6      | Reached skill level 5 in Spellcasting
  7841 | D:6      | Found Keafur's Magic Scroll Boutique.
  8011 | D:7      | Reached skill level 5 in Conjurations
  8171 | D:7      | Found a sparkling altar of Nemelex Xobeh.
  8172 | D:7      | Found a basalt altar of Yredelemnul.
  8772 | D:7      | Reached skill level 8 in Ice Magic
  8772 | D:7      | Reached XP level 9. HP: 39/57 MP: 0/17
  8945 | D:7      | Noticed an orc sorcerer
  9174 | D:8      | Found a hazy altar of Hepliaklqana.
  9204 | D:8      | Noticed a two-headed ogre
  9214 | D:8      | Killed a two-headed ogre
  9647 | D:8      | Reached skill level 9 in Ice Magic
 10578 | D:8      | Noticed a two-headed ogre
 10589 | D:8      | Slain by a two-headed ogre

Vault maps used:
D:1:      elethiomel_arrival_shortcut
D:2:      ashenzari_conservatory_becter, st_stairs_9, guppyfry_early_orc_mine
D:3:      marbit_many_paths, kennysheep_generic_room_4
D:4:      temple_hall, first_ration, uniq_natasha
D:5:      hangedman_decor_peaks_small, minmay_guarded_unrand_vampires_tooth,
          uniq_duvessa, uniq_sigmund
D:6:      gammafunk_temple_overflow_claw, overflow_temple_1_default,
          serial_shops, shop, shop, nicolae_shop_statue_plus, kennysheep_mini,
          nicolae_shop_crystal
D:7:      lemuel_castle_with_subvaults,
          chequers_temple_overflow_statue_of_worship
D:8:      lemuel_coloured_pillars_altar, amethyst_overflow_temple_binary,
          basic_altar, blue_anna_alchemist

Skill      XL: |  1  2  3  4  5  6  7  8  9 |
---------------+----------------------------+-----
Dodging        | 2 |  2.0
Stealth        | 2 |  2.1
Ice Magic      | 3 4 5 6 8 9 |  9.5
Conjurations   | 2 3 4 5 6 |  6.9
Spellcasting   | 3 4 5 6 |  6.7

Action                   |  1- 3 |  4- 6 |  7- 9 || total
-------------------------+-------+-------+-------++-------
Melee: Whip              |     8 |     1 |       ||     9
       Flail             |       |    17 |     2 ||    19
       Dagger            |       |       |    42 ||    42
 Cast: Freeze            |    52 |    42 |    91 ||   185
       Throw Frost       |    12 |    61 |    42 ||   115
       Ozocubu's Armour  |       |     3 |    11 ||    14
       Summon Ice Beast  |       |     2 |    14 ||    16
       Throw Icicle      |       |       |    19 ||    19
Invok: Curse Item        |       |     3 |       ||     3
  Use: Scroll            |       |     7 |     7 ||    14
 Stab: Distracted        |       |     1 |       ||     1
  Eat: Chunk             |     4 |    15 |    11 ||    30
       Ration            |       |       |     4 ||     4
Armor: Robe              |    22 |    17 |    40 ||    79
Dodge: Dodged            |    48 |    33 |    82 ||   163

Table legend:
 A = Spawn XP
 B = Non-spawn XP
 C = Spawn XP percentage of total XP
 D = Spawn monster count
 E = Non-spawn monster count
 F = Spawn count percentage of total count
 G = Total turns spent on level
                    A         B        C        D         E        F      G
               +---------+---------+-------+---------+---------+-------+---------
         Total |       0 |    5021 |   0.0 |       0 |     166 |   0.0 | 10589
               +---------+---------+-------+---------+---------+-------+---------
           D:1 |       0 |      30 |   0.0 |       0 |      15 |   0.0 |  1242
           D:2 |       0 |     124 |   0.0 |       0 |      39 |   0.0 |  1795
           D:3 |       0 |      94 |   0.0 |       0 |      13 |   0.0 |  1103
           D:4 |       0 |     185 |   0.0 |       0 |      11 |   0.0 |  1182
           D:5 |       0 |    1045 |   0.0 |       0 |      33 |   0.0 |  1448
           D:6 |       0 |     410 |   0.0 |       0 |       9 |   0.0 |  1238
           D:7 |       0 |    1141 |   0.0 |       0 |      18 |   0.0 |  1169
           D:8 |       0 |    1992 |   0.0 |       0 |      28 |   0.0 |  1412
               +---------+---------+-------+---------+---------+-------+---------
